Map: King Sejong Station LE

Players

nights

  • Race: Terran Terran
  • Spawn Location: 5:00

Fropez - Winner!

  • Race: Protoss Protoss
  • League: Silver
  • Spawn Location: 11:00

VOD

Have the link to the VOD?

Description

Time

  • Played on: June 9, 2016, 8:08 p.m.
  • Length: 14:35
Show
View Real Time Build Order
Export as new Build Order

nights Terran 

Build Orders: MMM Bio 

Get SALT Encoding   

  12  0:01  SCV  
  13  0:14  SCV  
  14  0:22  Supply Depot  
  14  0:26  SCV  
  15  0:43  SCV  
  15  0:44  Barracks  
  15  0:48  Refinery  
  16  0:55  SCV  
  17  1:14  SCV  
  18  1:33  Orbital Command  
  18  1:41  Supply Depot  
  18  1:42  Barracks  
  18  1:55  Barracks Reactor  
  18  2:04  SCV  
  19  2:33  Barracks Tech Lab  
  19  2:41  Marine  
  19  2:42  Marine  
  19  2:43  SCV  
  22  2:49  Barracks  
  22  2:51  Command Center  
  21  2:59  Stimpack  
  21  3:01  Marauder  
  23  3:11  SCV, Refinery  
  24  3:13  Marine x2  
  26  3:22  Marine  
  26  3:38  Barracks Reactor  
  25  3:49  SCV  
  25  3:51  Marine x2  
  25  3:52  Marauder  
  30  4:02  Barracks  
  30  4:05  Barracks  
  30  4:09  SCV  
  31  4:14  Marine x2  
  33  4:21  Marine x3  
  36  4:29  SCV  
  37  4:43  Engineering Bay  
  37  4:45  Bunker  
  34  4:53  SCV  
  34  4:55  Marine  
  34  4:56  Marine x4  
  40  5:10  Orbital Command  
  40  5:12  Supply Depot  
  40  5:16  Barracks Tech Lab  
  40  5:20  Combat Shields  
  40  5:22  Supply Depot  
  40  5:25  Barracks Tech Lab  
  40  5:30  Marine x2  
  40  5:34  SCV  
  43  5:41  Supply Depot  
  43  5:46  Marine  
  43  5:47  Marine  
  45  5:52  Supply Depot  
  45  5:57  Terran Infantry Weapons Level 1  
  45  6:05  Marine, Marauder  
  45  6:10  SCV  
  49  6:12  SCV  
  49  6:15  Marine x2  
  52  6:22  Concussive Shells  
  52  6:25  Marauder  
  54  6:31  Marine  
  54  6:32  Marine x2  
  57  6:35  Marine x3  
  60  6:41  SCV  
  60  6:42  SCV  
  62  6:50  Marine  
  63  6:54  Marine, Supply Depot  
  63  6:55  Supply Depot  
  59  7:08  Marine x3, Reaper  
  59  7:09  Marine x2  
  59  7:12  Marine  
  65  7:17  Refinery x2  
  56  7:26  Marine x2  
  45  7:35  Marine  
  45  7:36  Marine x2  
  42  7:41  Factory  
  42  7:54  Marine x4  
  42  7:55  Marine  
  42  7:56  SCV x2  
  44  8:18  Marine  
  44  8:19  Missile Turret  
  45  8:20  Missile Turret  
  45  8:26  Marine x2  
  45  8:27  Marine  
  45  8:31  Marine x3  
  46  8:40  Missile Turret  
  36  8:50  Marine x3  
  36  8:51  Marine x2  
  35  9:02  Marine x2  
  36  9:05  Factory Reactor  
  36  9:08  Marine  
  38  9:11  Starport  
  34  9:28  SCV x2  
  36  9:33  Marine  
  36  9:34  Marine  
  36  9:37  Marine  
  39  9:41  SCV  
  40  9:58  Marine x2  
  40  9:59  Marine  
  43  10:09  Marine x3  
  43  10:11  SCV x2, Starport  
  47  10:31  Marine x7  
  50  10:49  Marine x5  
  48  11:18  Marine x6  
  54  11:27  SCV  
  54  11:28  SCV  
  56  12:00  Medivac x2  
  60  12:09  Marine x3  
  60  12:10  Marine x4  
  67  12:28  Starport Reactor  
  67  12:31  Medivac x2  
  67  12:35  Marine x3  
  67  12:36  Marauder x3  
  80  12:39  Terran Infantry Armor Level 1  
  80  12:47  Supply Depot  
  80  12:57  Marauder  
  82  12:58  Supply Depot  
  82  13:01  Medivac  
  82  13:07  Marine x5  
  82  13:08  Marine  
  84  13:18  Marine  
  72  13:24  Marine  
Show
View Real Time Build Order
Export as new Build Order

Fropez Protoss - Winner!

Build Orders:  

Get SALT Encoding   

  12  0:02  Probe (Chrono Boost)  
  13  0:19  Pylon  
  13  0:20  Probe (Chrono Boost)  
  14  0:31  Probe (Chrono Boost)  
  15  0:41  Probe (Chrono Boost), Gateway  
  16  0:51  Assimilator  
  16  0:52  Probe (Chrono Boost)  
  17  1:03  Probe (Chrono Boost)  
  18  1:04  Pylon  
  18  1:11  Pylon  
  18  1:31  Probe (Chrono Boost), Cybernetics Core, Gateway  
  19  1:41  Probe (Chrono Boost)  
  20  1:52  Probe (Chrono Boost), Assimilator  
  21  2:02  Probe (Chrono Boost)  
  21  2:03  Pylon  
  21  2:07  Pylon  
  22  2:13  Probe (Chrono Boost)  
  23  2:18  Warp Gate (Chrono Boost)  
  23  2:23  Adept  
  23  2:28  Adept  
  28  2:34  Mothership Core (Chrono Boost)  
  29  2:50  Adept  
  31  2:52  Probe (Chrono Boost)  
  32  3:03  Probe (Chrono Boost)  
  33  3:08  Adept  
  35  3:19  Nexus  
  35  3:22  Probe  
  36  3:33  Pylon  
  36  3:34  Probe  
  35  3:49  Probe  
  36  3:57  Gateway  
  36  3:58  Gateway  
  36  4:01  Probe (Chrono Boost)  
  37  4:16  Adept  
  37  4:17  Adept  
  41  4:36  Gateway  
  41  4:44  Adept x2  
  39  5:05  Probe (Chrono Boost)  
  39  5:06  Probe (Chrono Boost)  
  39  5:17  Pylon  
  39  5:21  Assimilator x2  
  39  5:22  Probe (Chrono Boost)  
  39  5:23  Probe (Chrono Boost)  
  41  5:40  Forge  
  41  5:43  Pylon  
  41  5:45  Stargate  
  41  5:46  Probe (Chrono Boost)  
  41  5:47  Probe (Chrono Boost)  
  43  5:56  Probe (Chrono Boost)  
  44  6:01  Adept  
  44  6:02  Adept x4  
  54  6:16  Probe (Chrono Boost)  
  54  6:17  Probe (Chrono Boost)  
  56  6:25  Pylon, Gateway  
  56  6:27  Probe (Chrono Boost), Protoss Ground Weapons Level 1 (Chrono Boost)  
  56  6:31  Probe  
  57  6:35  Twilight Council  
  57  6:39  Pylon, Probe  
  59  6:45  Oracle  
  62  6:48  Adept  
  62  6:49  Adept  
  62  6:53  Adept  
  68  7:00  Pylon  
  68  7:07  Adept x2  
  60  7:19  Adept x2  
  60  7:20  Adept  
  54  7:38  Probe  
  54  7:39  Adept x3  
  54  7:40  Probe  
  54  7:42  Adept  
  64  7:44  Adept  
  66  8:15  Adept x4  
  66  8:16  Adept x2  
  78  8:31  Oracle  
  81  8:39  Resonating Glaives (Chrono Boost)  
  81  8:41  Protoss Ground Weapons Level 2  
  69  8:55  Adept x5  
  65  8:56  Adept  
  65  8:57  Probe  
  72  9:20  Adept x4  
  72  9:22  Probe  
  81  9:27  Probe  
  82  9:52  Nexus  
  70  10:56  Adept  
  70  10:57  Adept x5  
  74  11:13  Phoenix  
  76  11:22  Adept  
  76  11:23  Adept x5  
  88  11:26  Assimilator  
  88  11:31  Assimilator  
  88  11:37  Pylon x2  
  88  11:38  Phoenix  
  90  12:03  Phoenix  
  90  12:07  Adept x4  
  90  12:08  Adept x2  
  104  12:10  Protoss Ground Weapons Level 3 (Chrono Boost)  
  104  12:17  Probe x3, Gateway  
  104  12:21  Gateway  
  107  12:42  Adept x2  
  107  12:43  Adept x3  
  105  13:38  Adept x6  
  117  13:46  Pylon  
  117  13:49  Pylon  
  117  13:54  Pylon  
  117  14:11  Adept x2  
  117  14:12  Adept x4  
Tags
 
Composition
MMM Bio
League
Silver
Matchup
PvT
Replay Pack
All Mines
Spawn Locations
Cross Positions
Add a new tag
Caveats
  • Supply blocks, unpowered buildings, or Contaminate may cause inaccurate times.
  • Supply counts are checked every 10 seconds.